 Dungeon Crawl Stone Soup version 0.30.0-13-g156ef70053 (webtiles) character file.

Game seed: 16424461106202553823

53 Daunt the Stinger (level 3, -1/25 HPs)
             Began as a Demonspawn Venom Mage on May 17, 2023.
             Slain by a gnoll
             ... wielding a +0 flail
              (7 damage)
             ... on level 3 of the Dungeon.
             The game lasted 00:10:32 (2205 turns).

Daunt the Stinger (Demonspawn Venom Mage)           Turns: 2205, Time: 00:10:33

Health: -1/25      AC:  2    Str:  8    XL:     3   Next: 64%
Magic:  0/6        EV: 17    Int: 18    God:
Gold:   131        SH:  0    Dex: 13    Spells: 3/6 levels left

rFire   . . .        h - +0 club
rCold   . . .        (no shield)
rNeg    . . .        a - +0 robe
rPois   .            (no helmet)
rElec   .            (no cloak)
rCorr   .            (no gloves)
SInv    .            e - -1 pair of boots of Eternity {Will+}
Will    +....        (no amulet)
Stlth   ++           (no ring)
HPRegen 0.24/turn    (no ring)
MPRegen 0.10/turn

%: no passive effects
@: agile
A: powered by pain 1
a: no special abilities


You were on level 3 of the Dungeon.
You visited 1 branch of the dungeon, and saw 3 of its levels.

You collected 131 gold pieces.

Inventory:

Hand Weapons
 h - a +0 club (weapon)
Missiles
 c - 19 stones
Armour
 a - a +0 robe (worn)
 e - the -1 pair of boots of Eternity (worn) {Will+}
   (You found it on level 2 of the Dungeon)

   Will:      It increases your willpower.
 g - an orb of mayhem
 m - a +0 leather armour
Scrolls
 d - 2 scrolls of teleportation {unknown}
 f - a scroll of fear {unknown}
 i - 3 scrolls of identify {unknown}
 k - a scroll of fog {unknown}
 l - a scroll of noise {unknown}
Potions
 b - a potion of magic
 j - a potion of curing {unknown}
 n - a potion of heal wounds {unknown}
 o - a potion of might {unknown}
 p - a potion of ambrosia {unknown}


   Skills:
 + Level 0.8 Fighting
 - Level 1.7 Dodging
 - Level 1.7 Stealth
 - Level 2.0 Spellcasting
 - Level 0.8 Transmutations
 + Level 0.6 Air Magic
 + Level 4.4 Poison Magic


You had 3 spell levels left.
You knew the following spells:

 Your Spells              Type           Power      Damage    Failure   Level
a - Sting                 Tmut/Pois      44%        1d5       6%          1
v - Poisonous Vapours     Pois/Air       20%        N/A       10%         2

Your spell library contained the following spells:

 Spells                   Type           Power      Damage    Failure   Level
 Mephitic Cloud           Conj/Pois/Air  7%         N/A       26%         3
 Olgreb's Toxic Radiance  Pois           17%        N/A       30%         4
 Anguish                  Hex/Necr       0%         N/A       87%         4
 Cause Fear               Hex            0%         N/A       87%         4
 Conjure Ball Lightning   Conj/Air       1%         3x3d6     100%        6
 Enfeeble                 Hex            0%         N/A       100%        7
 Discord                  Hex            0%         N/A       100%        8
 Disjunction              Tloc           0%         N/A       100%        8


Dungeon Overview and Level Annotations

Branches:
Dungeon (3/15)

Altars:


Innate Abilities, Weirdness & Mutations

You sometimes gain a little power by taking damage.


Message History

p - a glowing pink potion A gnoll comes into view.
It is wielding a +0 flail.
A gnoll comes into view. It is wielding a +0 halberd.
The gnoll shouts!
You can't see any susceptible monsters within range! (Use Z to cast anyway.)
Casting: Sting (safe; 6% risk of failure)
Confirm with . or Enter, or press ? or * to list all spells.
Aiming: Poisonous Vapours (safe; 10% risk of failure)
Press: ? - help, Dir - move target, f - gnoll
Aim: a gnoll, wielding a +0 flail Poisonous vapours surround the gnoll!
The gnoll is poisoned.
The gnoll shouts!
You hear a shout!
Unknown command.
The sting hits the gnoll.
The gnoll looks even sicker.
The gnoll is moderately wounded.
The sting hits the gnoll.
The gnoll looks even sicker.
The gnoll is heavily wounded.
Unknown command.
Unknown command.
Casting: Sting (safe; 6% risk of failure)
Confirm with . or Enter, or press ? or * to list all spells.
Aiming: Poisonous Vapours (safe; 10% risk of failure)
Press: ? - help, Dir - move target, f - gnoll, p - gnoll
Aim: a gnoll, wielding a +0 halberd Poisonous vapours surround the gnoll!
The gnoll is poisoned.
The gnoll hits you with a +0 flail.
Unknown command.
Unknown command.
The gnoll attacks as you move away! The gnoll hits you with a +0 flail!
You focus on the pain.
You feel agile all of a sudden.
Unknown command.
Unknown command.
You hit the gnoll.
The gnoll is almost dead.
The gnoll hits you from afar with a +0 halberd.
* * * LOW HITPOINT WARNING * * *
A gnoll comes into view. It is wielding a +0 spear.
The gnoll hits you with a +0 flail!
You die...

#...#..# #.###..#
#.[....# #########.#
#....)....#
#.######### #.#
#.#################g#
#...........@gg.....#
#####################


You could see 3 gnolls.

Vanquished Creatures
  An adder (D:2)
  2 dart slugs (D:2)
  2 ball pythons
  2 endoplasms (D:1)
  A giant cockroach (D:1)
  5 goblins
  4 hobgoblins (D:2)
  4 jackals (D:1)
  3 quokkas (D:1)
  3 bats
  A frilled lizard (D:1)
  4 kobolds
  5 rats
37 creatures vanquished.

Notes
Turn   | Place    | Note
-------+----------+-------------------------------------------
     0 | D:1      | Daunt the Demonspawn Venom Mage began the quest for the
                  | Orb.
     0 | D:1      | Reached XP level 1. HP: 13/13 MP: 3/3
   334 | D:1      | You fall into a shaft and drop 1 floor!
   335 | D:2      | Identified the -1 pair of boots of Eternity {Will+}
   379 | D:2      | Gained mutation: You sometimes gain a little power by
                  | taking damage. [demonic ancestry]
   379 | D:2      | Reached XP level 2. HP: 20/20 MP: 1/5
   894 | D:1      | Reached XP level 3. HP: 22/25 MP: 2/6
   962 | D:1      | Learned a level 2 spell: Poisonous Vapours
  1076 | D:1      | Reached skill level 4 in Poison Magic
  2205 | D:3      | Slain by a gnoll

Illustrated notes

Levels and vault maps discovered:
D:1:      roderic_crop_circles_arrival_small, layout_basic,
          nicolae_figureground_pulse
D:2:      layout_loops_ring
D:3:      layout_basic

Skill      XL: |  1  2  3 |
---------------+----------+-----
Poison Magic   | 4 |  4.4
Fighting       | |  0.8
Dodging        | |  1.7
Stealth        | |  1.7
Spellcasting   | |  2.0
Transmutations | |  0.8
Air Magic      | |  0.6

Action                     || total
---------------------------++-------
  Melee: Unarmed           ||    32
         Club              ||     5
   Cast: Sting             ||    72
         Poisonous Vapours ||     2
 Armour: Robe              ||    20
  Dodge: Dodged            ||    43
